 Dungeon Crawl Stone Soup version 0.23.2-33-g5129a83184 (webtiles) character file.

Game seed: 11926649313826064954

2509 Engwar the Arsonist (level 9, -3/62 HPs)
             Began as a Pale Draconian Fire Elementalist on July 10, 2019.
             Was a Follower of Sif Muna.
             Slain by a hog (12 damage)
             ... on level 7 of the Dungeon.
             The game lasted 00:36:47 (7465 turns).

Engwar the Arsonist (DrFE)                          Turns: 7465, Time: 00:36:48

Health: -3/62      AC:  7    Str: 11    XL:     9   Next: 28%
Magic:  1/15       EV: 12    Int: 19    God:    Sif Muna [*.....]
Gold:   364        SH:  0    Dex: 11    Spells: 1/16 levels left

rFire    . . .     SeeInvis +   a - +0 quarterstaff
rCold    . . .     Gourm    .   (shield currently unavailable)
rNeg     . . .     Faith    .   (armour unavailable)
rPois    +         Spirit   .   (helmet restricted)
rElec    .         Reflect  .   (no cloak)
rCorr    .         Harm     .   (no gloves)
MR       .....                  (no boots)
Stlth    ++........             (no amulet)
HPRegen  0.20/turn              d - ring of poison resistance
MPRegen  0.14/turn              v - ring of see invisible

@: no status effects
A: breathe steam, unfitting armour, cold-blooded, AC +7
a: Breathe Steam, Divine Energy, Renounce Religion


You were on level 7 of the Dungeon.
You worshipped Sif Muna.
Sif Muna was aware of your devotion.
You were not hungry.

You visited 2 branches of the dungeon, and saw 8 of its levels.

You collected 364 gold pieces.

Inventory:

Hand Weapons
 a - a +0 quarterstaff (weapon)
 b - a +1 hunting sling
Missiles
 c - 263 stones
 l - 6 javelins (quivered)
Jewellery
 d - a ring of poison resistance (left hand)
 v - a ring of see invisible (right hand)
Wands
 u - a wand of flame (20)
 x - a wand of acid (11)
Scrolls
 k - 2 scrolls of blinking
 o - 3 scrolls of enchant armour
 p - 4 scrolls of fog
 q - a scroll of acquirement {unknown}
 r - a scroll of fear {unknown}
 s - a scroll of remove curse
Potions
 f - 2 potions of curing
 g - 2 potions of flight
 h - a potion of haste
 i - 2 potions of might
 j - a potion of mutation
 m - a potion of agility {unknown}
 n - 4 potions of lignification
 w - a potion of heal wounds {unknown}
Comestibles
 e - 3 rations


   Skills:
 - Level 1.7 Dodging
 - Level 1.7 Stealth
 - Level 4.0 Spellcasting
 + Level 8.5 Conjurations
 + Level 9.8 Fire Magic


You had one spell level left.
You knew the following spells:

 Your Spells              Type           Power        Failure   Level  Hunger
a - Flame Tongue          Conj/Fire      #####        1%          1    None
b - Throw Flame           Conj/Fire      #####.       1%          2    ##.....
c - Conjure Flame         Conj/Fire      #####...     1%          3    ###....
d - Sticky Flame          Conj/Fire      #####...     3%          4    ####...
e - Fireball              Conj/Fire      #####.....   9%          5    ######.

Your spell library contained the following spells:

 Spells                   Type           Power        Failure   Level  Hunger
 Beastly Appendage        Tmut           #.....       14%         1    None
 Inner Flame              Hex/Fire       ###.....     5%          3    ###....
 Sticks to Snakes         Tmut           #.......     21%         2    ##.....
 Spider Form              Tmut/Pois      #.........   38%         3    ###....
 Ice Form                 Ice/Tmut       #.......     80%         4    ####...
 Blade Hands              Tmut           #.........   98%         5    ######.


Dungeon Overview and Level Annotations

Branches:
Dungeon (7/15)             Temple (1/1) D:6

Altars:
Ashenzari
Cheibriados
Dithmenos
Elyvilon
Fedhas
Gozag
Hepliaklqana
Kikubaaqudgha
Makhleb
Nemelex Xobeh
Okawaru
Qazlal
Ru
Sif Muna
Trog
Uskayaw
Wu Jian
Xom
Yredelemnul
Zin
The Shining One

Annotations:
D:4 Pikel


Innate Abilities, Weirdness & Mutations

You can breathe blasts of scalding, opaque steam.
Your pale cyan-grey scales are hard. (AC +7)
You cannot fit into any form of body armour.
You are cold-blooded and may be slowed by cold attacks.


Message History

Okay, then.
You see here a hog corpse.
You butcher the hog corpse.
t - a chunk of flesh You see here a hog skeleton.
Eat a chunk of flesh? (ye/n/q)
You eat the chunk of flesh.
This raw flesh tastes terrible.
There is an open door here.
The hog squeals angrily.
Casting: Sticky Flame (safe; 3% risk of failure)
Confirm with . or Enter, or press ? or * to list all spells.
Aiming: Sticky Flame (safe; 3% risk of failure)
Press: ? - help, Shift-Dir - straight line, f - hog
Aim: a hog The sticky flame hits the hog!
The hog is moderately wounded.
The hog is covered in liquid flames!
The hog burns!
The hog bites you!
* * * LOW HITPOINT WARNING * * *
The hog bites you!
You die...

#. #. #.
#######
#%%#..# .
#%.#..# .
#..'..# #
#.h#..#
...#.
####@.#..#
#.....
#..#'#####
.#...#
#.#...#
...#.
#รท##.##
...#
#.##...
#..#
#.#####..
#..#
#.#### ...
#..#
#....# ..
#...
####.# .
###.##


You could see a hog (burning).

Vanquished Creatures
  A yak (D:7)
  2 hogs (D:7)
  A human (D:7)
  Duvessa (D:7)
  4 sky beasts (D:6)
  A necrophage (D:5)
  2 ogres
  A centaur (D:5)
  2 big kobolds (D:7)
  A bullfrog (D:6)
  2 scorpions
  Dowan (D:7)
  3 wights (D:6)
  4 jellies
  3 orc wizards
  2 iguanas (D:5)
  8 worker ants
  A killer bee zombie (D:6)
  A hound zombie (D:7)
  2 worker ant zombies
  A howler monkey skeleton (D:6)
  4 gnolls (D:5)
  2 adders (D:2)
  4 shadow imps
  An adder zombie (D:6)
  3 dart slugs
  4 leopard geckos
  7 orcs
  5 bats
  11 giant cockroaches
  8 goblins
  4 hobgoblins
  10 jackals
  4 quokkas
  2 ball pythons
  2 frilled lizards
  11 kobolds
  A leopard gecko skeleton (D:4)
  A quokka zombie (D:7)
  9 rats
137 creatures vanquished.

Vanquished Creatures (others)
  A human (D:3)
1 creature vanquished.

Grand Total: 138 creatures vanquished

Notes
Turn   | Place    | Note
-------+----------+-------------------------------------------
     0 | D:1      | Engwar the Draconian Fire Elementalist began the quest for
                  | the Orb.
     0 | D:1      | Reached XP level 1. HP: 14/14 MP: 3/3
   384 | D:1      | Reached XP level 2. HP: 20/20 MP: 3/5
   396 | D:1      | Learned a level 2 spell: Throw Flame
  1009 | D:1      | Reached XP level 3. HP: 23/26 MP: 6/6
  1014 | D:1      | Learned a level 3 spell: Conjure Flame
  1601 | D:2      | Reached skill level 4 in Fire Magic
  1750 | D:2      | Reached XP level 4. HP: 33/33 MP: 5/7
  2198 | D:3      | Found an ancient bone altar of Kikubaaqudgha.
  2198 | D:3      | Noticed a human
  2203 | D:3      | Killed a human
  3055 | D:4      | Reached XP level 5. HP: 26/38 MP: 5/9
  3061 | D:4      | Learned a level 4 spell: Sticky Flame
  3241 | D:4      | Noticed an ogre
  3910 | D:4      | Reached XP level 6. HP: 34/45 MP: 1/10
  3986 | D:4      | Noticed Pikel
  3986 | D:4      | Noticed a slave
  3986 | D:4      | Noticed a slave
  4011 | D:5      | Entered Level 5 of the Dungeon
  4025 | D:5      | Reached skill level 5 in Fire Magic
  4516 | D:4      | Your scales start taking on a pale cyan-grey colour.
  4516 | D:4      | Reached skill level 6 in Fire Magic
  4516 | D:4      | Reached XP level 7. HP: 40/50 MP: 7/11
  4906 | D:5      | Reached skill level 5 in Conjurations
  5341 | D:6      | Reached skill level 7 in Fire Magic
  5468 | D:6      | Reached XP level 8. HP: 57/57 MP: 8/14
  5475 | D:6      | Learned a level 5 spell: Fireball
  5840 | D:6      | Reached skill level 8 in Fire Magic
  5991 | D:6      | Found a glowing golden altar of the Shining One.
  6148 | D:6      | Found a staircase to the Ecumenical Temple.
  6157 | Temple   | Entered the Ecumenical Temple
  6459 | Temple   | Became a worshipper of Sif Muna the Loreminder
  7059 | D:7      | Noticed Duvessa
  7063 | D:7      | Noticed Dowan
  7073 | D:7      | Killed Duvessa
  7115 | D:7      | Killed Dowan
  7115 | D:7      | Reached skill level 9 in Fire Magic
  7378 | D:7      | Reached XP level 9. HP: 37/62 MP: 15/15
  7405 | D:7      | Reached * piety under Sif Muna
  7465 | D:7      | Slain by a hog

Skill      XL: |  1  2  3  4  5  6  7  8  9 |
---------------+----------------------------+-----
Conjurations   | 2 3 4 6 7 8 |  8.5
Fire Magic     | 4 6 7 9 |  9.8
Spellcasting   | 3 4 |  4.0
Dodging        | |  1.7
Stealth        | |  1.7

Action                   |  1- 3 |  4- 6 |  7- 9 || total
-------------------------+-------+-------+-------++-------
Melee: Unarmed           |    11 |       |       ||    11
       Tailslap          |     4 |     4 |     3 ||    11
       Whip              |     5 |    36 |    10 ||    51
       Club              |     5 |       |       ||     5
       Quarterstaff      |       |       |    52 ||    52
 Fire: Hunting sling     |    25 |    50 |    59 ||   134
Throw: Stone             |     3 |       |       ||     3
       Javelin           |       |    14 |       ||    14
 Cast: Flame Tongue      |    54 |    54 |    85 ||   193
       Throw Flame       |     3 |     2 |       ||     5
       Sticky Flame      |       |     7 |    27 ||    34
       Conjure Flame     |       |     1 |       ||     1
 Abil: Breathe Steam     |       |       |     2 ||     2
  Use: Scroll            |       |    10 |     3 ||    13
       Potion            |       |     1 |       ||     1
  Eat: Chunk             |     4 |     7 |     8 ||    19
       Ration            |       |     1 |     2 ||     3
Armor: Skin              |    14 |    28 |    38 ||    80
Dodge: Dodged            |    20 |    44 |    62 ||   126
